AoeStats
← Mike Hawks Harry

Glade

510818346Analyzed
1v1 RM · 13h ago on Oct 2, 2026· 60m 57s· 2 players
Game mode
Random Map
Map size
Tiny (2 player)
Population
200
Speed
Normal
Resources
Standard
Victory
Conquest
Starting age
Dark Age
Ending age
Imperial Age
RankedLock teamsTeams togetherTeam positionsShared explorationLock speedFull tech treeHidden civsTurbo modeCheats
Victory
Defeat
🇦🇹 Lithuanians · Austria
1385
+15
🇲🇽 Aztecs · Mexico
1360
-15
VempirE Reider
2:43 Loom
12:46 Feudal Age
14:03 Wheelbarrow
12:51 Man-at-Arms
15:20 Double-Bit Axe
15:18 Horse Collar
18:24 Town Watch
21:43 Castle Age
21:49 Gold Mining
23:13 Bow Saw
23:07 Heavy Plow
23:54 Fervor
24:46 Gold Shaft Mining
26:32 Sanctity
26:52 Pikeman
27:25 Eagle Warrior
28:07 Squires
28:50 Scale Mail Armor
29:01 Forging
29:48 Atonement
31:55 Redemption
32:18 Hand Cart
35:43 Imperial Age
37:39 Chain Mail Armor
38:01 Iron Casting
39:40 Garland Wars
39:42 Conscription
40:12 Plate Mail Armor
39:45 Gambesons
40:35 Elite Eagle Warrior
41:46 Arson
44:08 Blast Furnace
43:19 Capped Ram
44:41 Fletching
45:06 Atlatl
45:06 Elite Skirmisher
45:43 Bodkin Arrow
46:50 Bracer
46:52 Padded Archer Armor
49:23 Chemistry
48:44 Ballistics
48:31 Siege Engineers
47:50 Siege Ram
50:31 Leather Archer Armor
Mike Hawks Harry
5:42 Loom
9:24 Feudal Age
9:32 Man-at-Arms
14:27 Double-Bit Axe
15:31 Arson
16:39 Town Watch
21:33 Castle Age
19:42 Horse Collar
21:04 Gold Mining
22:36 Scale Barding Armor
23:21 Wheelbarrow
23:19 Bow Saw
25:51 Devotion
26:59 Forging
28:51 Heavy Plow
31:47 Bloodlines
32:00 Husbandry
31:25 Light Cavalry
32:11 Husbandry
33:40 Chain Barding Armor
35:09 Iron Casting
36:07 Fletching
39:42 Imperial Age
38:52 Hand Cart
40:14 Hand Cart
41:31 Chemistry
39:59 Cavalier
41:35 Plate Barding Armor
41:42 Conscription
42:22 Padded Archer Armor
45:33 Bodkin Arrow
45:35 Winged Hussar
51:52 Bracer
57:09 Capped Ram
60:26 Paladin
Connection lost

Rejoining the realm…

Still unreachable

The connection could not be restored.

Session expired

The server has moved on; the page needs a fresh start.